 Dungeon Crawl Stone Soup version 0.26.1-11-gd32895ea62 (webtiles) character file.

Game seed: 11614703903346794225

1313 buriedalive the Frost Mage (level 8, -3/41 HPs)
             Began as a Deep Elf Ice Elementalist on May 26, 2021.
             Was an Initiate of Ashenzari.
             Slain by an ogre
             ... wielding a +0 giant spiked club
              (25 damage)
             ... on level 6 of the Dungeon.
             The game lasted 00:12:29 (8144 turns).

buriedalive the Frost Mage (DEIE)                   Turns: 8144, Time: 00:12:30

Health: -3/41      AC:  7    Str:  5    XL:     8   Next: 32%
Magic:  9/17       EV: 16    Int: 23    God:    Ashenzari [......]
Gold:   396        SH:  0    Dex: 15    Spells: 6/17 levels left

rFire    . . .     SeeInvis .   x - +0 dagger (elec)
rCold    + . .     Faith    .   (no shield)
rNeg     . . .     Spirit   .   B - +0 troll leather armour
rPois    .         Reflect  .   y - +2 helmet
rElec    .         Harm     .   (no cloak)
rCorr    +         Rampage  .   (no gloves)
Will     .....                  (no boots)
Stlth    ++........             (no amulet)
HPRegen  0.53/turn              b - ring of resist corrosion
MPRegen  0.15/turn              C - ring of protection from cold

@: no status effects
A: no striking features
a: Renounce Religion, Curse Item


You were on level 6 of the Dungeon.
You worshipped Ashenzari.
Ashenzari was noncommittal.
You visited 1 branch of the dungeon, and saw 6 of its levels.

You collected 396 gold pieces.

Inventory:

Hand Weapons
 h - a +0 short sword
 x - a +0 dagger of electrocution (weapon)
Missiles
 j - 348 stones
 r - 3 atropa-tipped darts
Armour
 a - a +0 robe
 g - a +2 robe of cold resistance
 y - a +2 helmet (worn)
 B - a +0 troll leather armour (worn)
Jewellery
 b - a ring of resist corrosion (left hand)
 t - an uncursed amulet of faith
 A - an uncursed amulet of guardian spirit
 C - a ring of protection from cold (right hand)
Wands
 d - a wand of polymorph (10)
 e - a wand of random effects (19)
Scrolls
 f - a scroll of amnesia
 n - 2 scrolls of magic mapping
 o - 2 scrolls of teleportation
 q - 6 scrolls of remove curse
 s - a scroll of random uselessness {unknown}
 u - 2 scrolls of enchant weapon {unknown}
 v - a scroll of fear {unknown}
 D - a scroll of fog
Potions
 c - a potion of ambrosia
 i - 2 potions of curing
 k - a potion of mutation
 l - 2 potions of resistance
 m - 6 potions of brilliance
 w - a potion of might {unknown}
 z - 3 potions of heal wounds


   Skills:
 + Level 8.5 Dodging
 - Level 2.4 Stealth
 - Level 5.0 Spellcasting
 + Level 8.7 Ice Magic


You had 6 spell levels left.
You knew the following spells:

 Your Spells              Type           Power        Failure   Level
a - Freeze                Ice            100%         1%          1
b - Frozen Ramparts       Ice            92%          1%          3
c - Ozocubu's Armour      Ice            46%          1%          3
d - Summon Ice Beast      Ice/Summ       25%          26%         4

Your spell library contained the following spells:

 Spells                   Type           Power        Failure   Level
 Corona                   Hex            5%           16%         1
 Slow                     Hex            5%           24%         2
 Hailstorm                Conj/Ice       25%          26%         4
 Inner Flame              Hex/Fire       5%           43%         3
 Portal Projectile        Hex/Tloc       10%          43%         3
 Cause Fear               Hex            2%           83%         4
 Leda's Liquefaction      Hex/Erth       2%           83%         4


Dungeon Overview and Level Annotations

Branches:
Dungeon (6/15)             Temple (0/1) D:6

Altars:
Ashenzari
Dithmenos
Gozag
Sif Muna
Yredelemnul

Annotations:
D:6 Eustachio


Message History

Confirm with . or Enter, or press ? or * to list all spells.
Aiming: Freeze (safe; 1% risk of failure)
Press: ? - help, Shift-Dir - straight line, f/p - ogre
Aim: an ogre, wielding a +0 giant spiked club (lightly wounded)
You freeze the ogre.
The ogre is moderately wounded.
The ogre hits you with a +0 giant spiked club!
Casting: Freeze (safe; 1% risk of failure)
Confirm with . or Enter, or press ? or * to list all spells.
Aiming: Freeze (safe; 1% risk of failure)
Press: ? - help, Shift-Dir - straight line, f/p - ogre
Aim: an ogre, wielding a +0 giant spiked club (moderately wounded)
You freeze the ogre!
The ogre is severely wounded.
The ogre hits you with a +0 giant spiked club!
* * * LOW HITPOINT WARNING * * *
You feel much better.
The ogre hits you with a +0 giant spiked club!!
Ouch! That really hurt!
You die...

#.# #..###.###..# #.#
#..#⌠...⌠#..# #.#
#..#.....#..### #.##
##....⌠.......#
#†.####.#.....#....###
#.......#⌠...⌠#.......
#.###.#####.#####.###.
#.#.....#....,##...##†
#.#..@..#.....#.....#)
#...$O$..........#....
#.#..?..#.....#.....#.
#.#.....#.....##...##.
#.###.###*#.#**##.###.
*,,,...,*,,..,*...,,..
**,*..#,*,8,8,#.##*###
*,,...,,,,8,...** #
*****,,*,8,8.#,,** #


You could see an ogre.

Vanquished Creatures
  Duvessa (D:6)
  An orc warrior (D:6)
  A centaur (D:6)
  An ogre (D:6)
  A bullfrog (D:6)
  Dowan (D:6)
  A howler monkey (D:6)
  A bullfrog skeleton (D:6)
  5 hounds
  2 jellies
  5 orc priests
  2 orc wizards (D:4)
  Jessica (D:2)
  2 iguanas
  5 worker ants
  A gnoll (D:4)
  4 adders
  4 white imps
  An ufetubus (D:6)
  An ooze (D:6)
  A worm (D:4)
  3 dart slugs
  2 leopard geckos
  18 orcs
  6 giant cockroaches
  6 goblins
  8 hobgoblins
  2 jackals (D:3)
  5 kobolds
  3 quokkas
  2 ball pythons
  6 bats
  2 frilled lizards (D:3)
  3 rats
108 creatures vanquished.

Notes
Turn   | Place    | Note
-------+----------+-------------------------------------------
     0 | D:1      | buriedalive the Deep Elf Ice Elementalist began the quest
                  | for the Orb.
     0 | D:1      | Reached XP level 1. HP: 10/10 MP: 6/6
   395 | D:1      | Reached XP level 2. HP: 4/15 MP: 2/8
  2004 | D:2      | Noticed Jessica
  2030 | D:2      | Killed Jessica
  2031 | D:2      | Reached skill level 5 in Ice Magic
  2031 | D:2      | Reached XP level 3. HP: 15/19 MP: 6/9
  2140 | D:2      | Reached XP level 4. HP: 10/24 MP: 6/10
  5057 | D:4      | Found a broken altar of Ashenzari.
  5057 | D:4      | Found an opulent altar of Gozag.
  5057 | D:4      | Found a shadowy altar of Dithmenos.
  5063 | D:4      | Reached XP level 5. HP: 28/28 MP: 11/11
  5065 | D:4      | Became a worshipper of Ashenzari the Shackled
  5450 | D:3      | Reached skill level 5 in Dodging
  5706 | D:4      | Reached XP level 6. HP: 29/32 MP: 3/12
  5903 | D:4      | Learned a level 3 spell: Frozen Ramparts
  5907 | D:4      | Learned a level 3 spell: Ozocubu's Armour
  6645 | D:4      | Learned a level 4 spell: Summon Ice Beast
  6669 | D:5      | Entered Level 5 of the Dungeon
  6850 | D:5      | Reached XP level 7. HP: 35/36 MP: 7/14
  7348 | D:6      | Noticed Eustachio
  7355 | D:6      | Noticed Dowan
  7358 | D:6      | Noticed Duvessa
  7424 | D:6      | Found a shimmering blue altar of Sif Muna.
  7483 | D:6      | Found a basalt altar of Yredelemnul.
  7656 | D:6      | Reached skill level 5 in Spellcasting
  7719 | D:6      | Found a staircase to the Ecumenical Temple.
  7868 | D:6      | Killed Duvessa
  7869 | D:6      | Reached XP level 8. HP: 41/41 MP: 7/17
  7872 | D:6      | Killed Dowan
  8143 | D:6      | HP: 1/41 [ogre/+0 giant spiked club (15)]
  8144 | D:6      | Slain by an ogre

Illustrated notes

Levels and vault maps discovered:
D:1:      ncdulo_watergridlock, layout_basic
D:2:      layout_basic, kennysheep_generic_room_9, uniq_jessica
D:3:      layout_basic
D:4:      layout_loops_ring, grunt_temple_overflow_open, cheibrodos_gnoll_hut
D:5:      layout_cave_pools
D:6:      layout_rooms, lemuel_round_altar, lemuel_crystal_altar,
          temple_fountains, minmay_misc_feat_columns, minmay_chambers_of_fives,
          uniq_duvessa, uniq_eustachio

Skill      XL: |  1  2  3  4  5  6  7  8 |
---------------+-------------------------+-----
Dodging        | 3 4 5 6 7 8 |  8.5
Ice Magic      | 5 6 7 8 |  8.7
Spellcasting   | 5 |  5.0
Stealth        | |  2.4

Action                   |  1- 3 |  4- 6 |  7- 9 || total
-------------------------+-------+-------+-------++-------
Melee: Unarmed           |    12 |       |       ||    12
       Short sword       |    27 |    64 |       ||    91
       Dagger            |       |    57 |    62 ||   119
 Cast: Freeze            |    26 |    64 |    26 ||   116
       Frozen Ramparts   |       |     3 |     5 ||     8
       Ozocubu's Armour  |       |     2 |     4 ||     6
  Use: Scroll            |       |     8 |     9 ||    17
       Potion            |       |       |     3 ||     3
 Stab: Sleeping          |     5 |     7 |       ||    12
Armor: Robe              |    10 |    26 |       ||    36
       Troll leather arm |       |     7 |    32 ||    39
Dodge: Dodged            |    39 |   150 |    98 ||   287
